 Dungeon Crawl Stone Soup version 0.27.0-1-g7a08968 (webtiles) character file.

Game seed: 4368222483879414025

184446 marwff the Stormcaller (level 18, -4/110 HPs)
             Began as a Tengu Air Elementalist on July 31, 2021.
             Was a High Priest of Vehumet.
             Slain by a black mamba (10 damage)
             ... on level 4 of the Snake Pit.
             The game lasted 02:52:58 (53664 turns).

marwff the Stormcaller (Tengu Air Elementalist)    Turns: 53664, Time: 02:52:58

Health: -4/110     AC: 13    Str: 16    XL:     18   Next: 41%
Magic:  33/34      EV: 16    Int: 39    God:    Vehumet [*****.]
Gold:   2401       SH:  0    Dex: 11    Spells: 0/39 levels left

rFire    + . .     SeeInvis +   c - +7 glaive "Killer Bee's Foe" {vorpal, Int+7}
rCold    + . .     Faith    .   (shield currently unavailable)
rNeg     . . .     Spirit   .   q - +2 leather armour "Tyropiala" {rElec Int+3 Dex-4 Stlth+}
rPois    +         Reflect  .   B - +2 hat {Int+3}
rElec    +         Harm     .   T - +2 cloak {rPois}
rCorr    .         Rampage  .   O - +1 pair of gloves
Will     ++...                  (boots unavailable)
Stlth    ++++++....             d - amulet of magic regeneration
HPRegen  0.28/turn              G - ring of willpower
MPRegen  0.49/turn              P - ring of Generosity {rF+ rC+ Str+6 Int+4 SInv}

@: lethally poisoned (-4 -> -14), about to teleport, weakened, flying quickly
and evasively, constricted, quick
A: beak, talons 3, nimble flight
a: Renounce Religion


You were on level 4 of the Snake Pit.
You worshipped Vehumet.
Vehumet was extremely pleased with you.
You visited 6 branches of the dungeon, and saw 31 of its levels.
You also visited: Sewer, Ossuary, Gauntlet, Ice Cave and Volcano.

You collected 5957 gold pieces.
You spent 3556 gold pieces at shops.

Inventory:

Hand Weapons
 c - the +7 glaive "Killer Bee's Foe" (weapon) {vorpal, Int+7}
   (You bought it in a shop on level 4 of the Dungeon)

   It inflicts extra damage upon your enemies.
   Int:       It affects your intelligence (+7).
Missiles
 l - 2 throwing nets
Armour
 q - the +2 leather armour "Tyropiala" (worn) {rElec Int+3 Dex-4 Stlth+}
   (You bought it in a shop on level 11 of the Dungeon)

   Int:       It affects your intelligence (+3).
   Dex:       It affects your dexterity (-4).
   rElec:     It insulates you from electricity.
   Stlth:     It makes you more stealthy.
 B - a +2 hat of intelligence (worn)
 L - a +0 robe of resistance
 O - a +1 pair of gloves (worn)
 Q - a +0 buckler
 T - a +2 cloak of poison resistance (worn)
Magical Staves
 U - a staff of air
Jewellery
 d - an amulet of magic regeneration (around neck)
 k - an amulet of guardian spirit
 p - a ring of protection from fire
 t - a ring of positive energy
 E - an amulet of reflection
 G - a ring of willpower (left hand)
 I - a +4 ring of evasion
 J - a ring of ice
 M - a ring of see invisible
 P - the ring of Generosity (right hand) {rF+ rC+ Str+6 Int+4 SInv}
   (You bought it in a shop on level 3 of the Snake Pit)

   [ring of strength]

   Str:       It affects your strength (+6).
   Int:       It affects your intelligence (+4).
   rF:        It protects you from fire.
   rC:        It protects you from cold.
   SInv:      It lets you see invisible.
Wands
 h - a wand of acid (28)
 A - a wand of digging (8)
 K - a wand of iceblast (78)
Scrolls
 a - 6 scrolls of fear
 b - 5 scrolls of immolation
 f - 4 scrolls of holy word
 i - 10 scrolls of teleportation
 m - 8 scrolls of magic mapping
 n - a scroll of silence
 v - 4 scrolls of summoning
 w - 3 scrolls of blinking
 x - 4 scrolls of enchant weapon
 y - 5 scrolls of enchant armour
 z - 7 scrolls of amnesia
 F - 5 scrolls of fog
 R - 2 scrolls of identify
 X - a scroll of brand weapon
Potions
 e - 12 potions of curing
 g - 2 potions of berserk rage
 j - 3 potions of cancellation
 o - 4 potions of heal wounds
 r - 5 potions of haste
 s - 3 potions of resistance
 u - 6 potions of mutation
 C - 2 potions of invisibility
 D - 7 potions of magic
 H - 4 potions of brilliance
 N - 3 potions of ambrosia


   Skills:
 + Level 11.5 Fighting
 + Level 12.2 Polearms
 - Level 7.0 Armour
 + Level 12.7 Dodging
 + Level 12.8 Stealth
 - Level 4.0 Shields
 + Level 11.4 Spellcasting
 + Level 15.3 Conjurations
 + Level 9.7 Fire Magic
 - Level 1.0 Ice Magic
 + Level 15.7 Air Magic


You couldn't memorise any spells.
You knew the following spells:

 Your Spells              Type           Power      Damage    Failure   Level
a - Shock                 Conj/Air       100%       1d9       0%          1
b - Spellforged Servitor  Conj/Summ      35%        N/A       17%         7
c - Swiftness             Air            98%        N/A       0%          3
d - Airstrike             Air            49%        N/A       1%          4
e - Poisonous Vapours     Pois/Air       100%       N/A       1%          2
f - Freezing Cloud        Conj/Ice/Air   40%        6-21      1%          5
g - Conjure Ball Lightni  Conj/Air       48%        3x3d17    1%          6
h - Sticky Flame          Conj/Fire      88%        2d10      1%          4
i - Orb of Destruction    Conj           48%        9d15      1%          7

Your spell library contained the following spells:

 Spells                   Type           Power      Damage    Failure   Level
 Magic Dart               Conj           100%       1d8       0%          1
 Static Discharge         Conj/Air       97%        N/A       0%          2
 Animate Skeleton         Necr           44%        N/A       1%          1
 Pain                     Necr           88%        1d8       1%          1
 Sting                    Tmut/Pois      88%        1d7       1%          1
 Corpse Rot               Necr/Air       N/A        N/A       1%          2
 Mephitic Cloud           Conj/Pois/Air  80%        N/A       1%          3
 Stone Arrow              Conj/Erth      100%       3d13      1%          3
 Bolt of Magma            Conj/Fire/Erth 36%        4d16      1%          5
 Irradiate                Conj/Tmut      35%        3d25      1%          5
 Lightning Bolt           Conj/Air       48%        1d69      1%          5
 Call Imp                 Summ           22%        N/A       3%          2
 Slow                     Hex            22%        N/A       3%          2
 Ozocubu's Armour         Ice            30%        N/A       3%          3
 Iron Shot                Conj/Erth      35%        9d7       3%          6
 Olgreb's Toxic Radiance  Pois           22%        N/A       5%          4
 Call Canine Familiar     Summ           22%        N/A       6%          3
 Confusing Touch          Hex            22%        N/A       6%          3
 Portal Projectile        Hex/Tloc       44%        N/A       6%          3
 Vampiric Draining        Necr           11%        2d7       6%          3
 Animate Armour           Summ/Erth      44%        N/A       19%         4
 Leda's Liquefaction      Hex/Erth       11%        N/A       19%         4
 Blade Hands              Tmut           11%        N/A       47%         5
 Summon Forest            Summ/Tloc      11%        N/A       47%         5
 Summon Mana Viper        Hex/Summ       22%        N/A       47%         5
 Ozocubu's Refrigeration  Ice            15%        4d8       92%         7
 Shadow Creatures         Summ           N/A        N/A       96%         6
 Dragon Form              Tmut           11%        N/A       100%        7
 Shatter                  Erth           11%        3d12*     100%        9


Dungeon Overview and Level Annotations

Branches:
Dungeon (15/15)            Temple (1/1) D:6            Lair (6/6) D:8
  Swamp (3/4) Lair:2        Snake (4/4) Lair:3        Slime (0/5) Lair:6
    Orc (2/2) D:11            Elf (0/3) Orc:2        Vaults (0/5) D:13
 Depths (0/5) D:15          Sewer (visited)         Ossuary (visited)
  IceCv (visited)         Volcano (visited)         Gauntlet (visited)

Altars:
Ashenzari
Cheibriados
Dithmenos
Elyvilon
Fedhas
Gozag
Hepliaklqana
Kikubaaqudgha
Makhleb
Nemelex Xobeh
Okawaru
Qazlal
Ru
Sif Muna
Trog
Uskayaw
Vehumet
Wu Jian
Xom
Yredelemnul
Zin
The Shining One
Beogh

Shops:
D:1 [   D:3 *   D:4 *   D:11 ([   Orc:2 ??:=   Snake:3 *([*(*

Annotations:
D:11 4 runed translucent doors
Swamp:1 2 runed translucent doors, pleonasm's ghost, adept OgBe


Innate Abilities, Weirdness & Mutations

You have a beak for a mouth.
You have claws for feet.
Your magical nature lets you fly swiftly and evasively.


Message History

Okay, then.
Blink to where?
Press: ? - help, Dir - move target
As you read the scroll of blinking, it crumbles to dust.
A naga and a salamander tyrant come into view.
You feel sick.
The salamander tyrant gazes fiercely through you!
You feel as though you will be weak longer.
Found 21 bolts.
As you read the scroll of teleportation, it crumbles to dust.
You feel strangely unstable.
You feel sick. The naga warrior spits poison at you.
The splash of poison hits you but does no damage.
You resist.
Okay, then.
Unknown command.
You feel much better.
You feel sick.
The guardian serpent coils itself and waves its upper body at you.
The black mamba blinks!
The naga warrior blinks into view!
The guardian serpent blinks into view!
The naga warrior blinks!
The naga blinks into view!
The naga blinks!
The naga blinks into view!
The nagaraja blinks into view!
The naga spits poison at you. The splash of poison hits you.
You are more poisoned.
You resist.
* * * LOW HITPOINT WARNING * * *
The naga hits you with a +0 hand axe!
* * * LOW HITPOINT WARNING * * *
The naga completely misses you. The naga misses you. The naga grabs you.
* * * LOW HITPOINT WARNING * * *
The naga constricts you. The nagaraja spits poison at you.
The splash of poison hits you. You resist.
* * * LOW HITPOINT WARNING * * *
The guardian serpent hits you.
* * * LOW HITPOINT WARNING * * *
The naga warrior hits you but does no damage.
The black mamba bites you!
You die...

## ## ### ...#.##.# ##
....(...##.# ....
...........###
.#.#......SNS....##
####...####..N@N.....#
##....N....###NNN......
....⌠...⌠....##.N......
.......).......##......
.......NS.....N.#......
.⌠...S.§S§S⌠.SN.#.N....
......N(.....§S.# .....
..N......S..S§§.# .....
....⌠...⌠SN...N##


You could see 2 naga warriors, a nagaraja, a salamander tyrant, a salamander
(strong), a shock serpent, 3 guardian serpents, a black mamba and 5 nagas.

Vanquished Creatures
  3 nagarajas
  A fenstrider witch (Swamp:3)
  An orc warlord (Orc:1)
  Aizul (Snake:3)
  Azrael (Snake:3)
  6 bunyips
  A minotaur (Gauntlet)
  A dire elephant (D:15)
  4 eleionomae
  Snorg (Lair:5)
  10 naga warriors
  A catoblepas (D:13)
  15 hydras
  A boulder beetle (D:15)
  A ghost crab (Swamp:1)
  6 anacondas
  3 ogre magi
  A spriggan air mage (Swamp:3)
  8 alligators
  14 two-headed ogres
  4 centaur warriors
  A tengu warrior (D:15)
  23 death yaks
  2 spriggan berserkers
  6 naga sharpshooters
  3 shock serpents
  A thrashing horror (Gauntlet)
  Sonja (D:12)
  A deep elf knight (Swamp:2)
  15 spriggans
  A salamander mystic (Snake:3)
  2 skeletal warriors (Volcano)
  3 goliath frogs
  5 swamp dragons
  An obsidian statue (D:12)
  2 spriggan druids (Swamp:2)
  A naga ritualist (Snake:2)
  2 deep trolls (Orc:2)
  2 lindwurms (Lair:5)
  3 orc knights
  3 wizards
  4 bog bodies
  A necromancer (D:13)
  4 manticores
  3 oklob plants
  A wolf spider (D:15)
  4 salamanders (Snake:3)
  2 deep elf pyromancers
  3 orc sorcerers
  5 cyclopes
  2 will-o-the-wisps
  7 mana vipers
  Joseph (D:7)
  4 ugly things
  An ice statue (IceCv)
  8 elephants
  A guardian serpent (Snake:3)
  5 naga magi
  3 gargoyles
  16 black mambas
  2 kobold demonologists (D:14)
  Maggie (D:10)
  3 rime drakes
  An efreet (D:14)
  11 komodo dragons
  An anaconda simulacrum (IceCv)
  26 cane toads
  A freezing wraith (D:14)
  2 entropy weaver simulacra (IceCv)
  2 bloated husks
  16 trolls
  17 tyrant leeches
  13 slime creatures
  3 polar bears
  A harpy skeleton (Volcano)
  15 hornets
  12 blink frogs
  A vampire (D:10)
  3 flying skulls (Volcano)
  2 alligator skeletons (Volcano)
  A centaur simulacrum (D:15)
  16 yaks
  A shadow (D:11)
  6 basilisks
  5 wyverns
  A yak (shapeshifter) (D:14)
  4 wraiths
  3 fire elementals (Snake:3)
  A neqoxec (Gauntlet)
  A golden eye (shapeshifter) (D:13)
  4 steam dragons
  2 death yak simulacra (IceCv)
  3 chaos spawn (Gauntlet)
  16 vampire mosquitoes
  3 small abominations (Gauntlet)
  Menkaure (D:6)
  13 swamp worms
  27 nagas
  An acid dragon (D:14)
  2 hell hounds (Snake:3)
  6 water moccasins
  4 wargs
  A swamp drake (Swamp:2)
  3 sky beasts
  21 orc warriors
  6 necrophages
  2 black bears
  28 ogres
  16 wolves
  13 centaurs
  A hornet zombie (D:8)
  2 phantoms
  9 kobold brigands
  Blork the orc (D:4)
  18 bullfrogs
  3 scorpions
  4 two-headed ogre simulacra (IceCv)
  4 water moccasin zombies
  A cane toad simulacrum (IceCv)
  6 elephant simulacra (IceCv)
  A water moccasin skeleton (D:6)
  6 killer bees (D:4)
  14 wights
  2 spriggan skeletons (Volcano)
  6 howler monkeys
  12 electric eels
  2 bullfrog zombies (D:6)
  9 centaur zombies
  A lava snake (Orc:2)
  10 orc priests
  7 hounds
  16 jellies
  2 centaur skeletons
  2 iguanas
  11 orc wizards
  3 troll simulacra (IceCv)
  4 spriggan simulacra (IceCv)
  2 wolf simulacra (IceCv)
  3 polar bear simulacra (IceCv)
  A killer bee zombie (D:8)
  A hound skeleton (D:4)
  9 mummies
  A howler monkey zombie (D:9)
  12 adders
  8 naga simulacra (IceCv)
  6 white imps
  6 ufetubi
  A worm (D:3)
  A dart slug (D:4)
  47 orcs
  2 bats (D:1)
  11 endoplasms
  7 giant cockroaches
  3 hobgoblins (D:1)
  6 jackals
  A quokka (D:2)
  11 ball pythons
  2 frilled lizards
  2 gnoll zombies (Ossuary)
  6 goblins
  3 hobgoblin zombies (Ossuary)
  38 kobolds
  3 kobold zombies
  4 orc zombies
  4 rats
  A butterfly (Lair:6)
940 creatures vanquished.

Vanquished Creatures (collateral kills)
  A centaur warrior (D:15)
  A death knight (D:15)
  A skeletal warrior (D:15)
  A deep elf pyromancer (D:15)
  A naga mage (D:15)
  A freezing wraith (D:15)
  2 slime creatures (D:15)
  A basilisk (D:15)
  An orc warrior (D:15)
  3 orcs (D:15)
  A ball lightning (D:12)
14 creatures vanquished.

Vanquished Creatures (others)
  A tengu warrior (D:15)
  An orc knight (D:15)
  A gargoyle (Volcano)
  A freezing wraith (D:15)
  3 orcs
  42 ball lightnings
  2 bushes
  5 foxfires
  63 fungi
  122 plants
  8 toadstools (D:8)
  2 withered plants (D:10)
251 creatures vanquished.

Grand Total: 1205 creatures vanquished

Notes
Turn   | Place    | Note
-------+----------+-------------------------------------------
     0 | D:1      | marwff the Tengu Air Elementalist began the quest for the
                  | Orb.
     0 | D:1      | Reached XP level 1. HP: 10/10 MP: 4/4
   174 | D:1      | Found Uphyuv's Armour Boutique.
   407 | D:1      | Reached XP level 2. HP: 15/15 MP: 3/6
   410 | D:1      | Learned a level 2 spell: Static Discharge
  1010 | D:1      | Reached XP level 3. HP: 19/19 MP: 3/7
  1068 | D:1      | Learned a level 3 spell: Swiftness
  1221 | D:2      | Noticed a phantom
  1523 | D:2      | Reached XP level 4. HP: 24/24 MP: 4/9
  1812 | D:1      | Killed a phantom
  1813 | D:1      | Reached skill level 5 in Air Magic
  1813 | D:1      | Gained mutation: Your magical nature lets you fly swiftly
                  | and evasively. [Tengu growth]
  1813 | D:1      | Reached XP level 5. HP: 19/28 MP: 3/10
  1914 | D:2      | Learned a level 4 spell: Airstrike
  2122 | D:3      | Found a blossoming altar of Fedhas.
  2239 | D:3      | Found Weme's General Store.
  2810 | D:3      | Found a shadowy altar of Dithmenos.
  3212 | D:4      | Found a glowing drain.
  3261 | Sewer    | Entered a sewer
  3336 | Sewer    | Noticed a kobold brigand
  3584 | Sewer    | Killed a kobold brigand
  3585 | Sewer    | Reached XP level 6. HP: 23/32 MP: 3/12
  3927 | Sewer    | Reached skill level 5 in Conjurations
  4259 | D:4      | Found a broken altar of Ashenzari.
  4655 | D:4      | Noticed Blork the orc
  4833 | D:4      | Found Yxomm's CLEARANCE SALE! EVERYTHING MUST GO!.
  5050 | D:4      | Reached XP level 7. HP: 36/36 MP: 10/13
  5259 | D:5      | Entered Level 5 of the Dungeon
  5510 | D:5      | Reached skill level 1 in Fighting
  5732 | D:5      | Reached XP level 8. HP: 44/44 MP: 11/15
  5913 | D:5      | Found a bloodstained altar of Trog.
  6193 | D:5      | Learned a level 2 spell: Poisonous Vapours
  6335 | D:6      | Found a sand-covered staircase.
  6343 | Ossuary  | Entered an ossuary
  7060 | D:4      | Bought the +7 glaive "Killer Bee's Foe" {vorpal, Int+7} for
                  | 332 gold pieces
  7109 | D:4      | Reached skill level 1 in Polearms
  7426 | D:4      | Killed Blork the orc
  7799 | D:6      | Reached skill level 5 in Spellcasting
  7802 | D:6      | Reached XP level 9. HP: 29/51 MP: 11/17
  8047 | D:7      | Reached skill level 5 in Stealth
  8664 | D:6      | Noticed Menkaure
  8672 | D:6      | Killed Menkaure
  8673 | D:6      | Reached skill level 5 in Dodging
  9024 | D:6      | Found a staircase to the Ecumenical Temple.
  9081 | D:7      | Noticed Joseph
  9095 | D:7      | Killed Joseph
  9096 | D:7      | Reached XP level 10. HP: 17/58 MP: 5/19
  9636 | D:7      | Identified the +3 ring mail of Aschamo {rN+ Will+ Str-4
                  | Dex+4}
  9646 | Temple   | Entered the Ecumenical Temple
 10362 | D:7      | Found a white marble altar of Elyvilon.
 10432 | D:7      | Found a burning altar of Makhleb.
 10438 | D:7      | Reached skill level 1 in Armour
 11091 | D:8      | Reached skill level 5 in Fighting
 11876 | D:8      | Reached skill level 5 in Polearms
 11940 | D:8      | Reached XP level 11. HP: 64/64 MP: 2/21
 12176 | D:8      | Found a staircase to the Lair.
 12330 | Lair:1   | Entered Level 1 of the Lair of Beasts
 12534 | Lair:1   | Noticed a death yak
 12535 | Lair:1   | Noticed a death yak
 12580 | Lair:1   | Noticed a death yak
 12584 | Lair:1   | Killed a death yak
 12585 | Lair:1   | Reached skill level 10 in Air Magic
 12676 | Lair:1   | Killed a death yak
 12758 | Lair:1   | Killed a death yak
 12943 | Lair:1   | Noticed a five-headed hydra
 12979 | Lair:1   | Killed a five-headed hydra
 13831 | Lair:2   | Noticed a four-headed hydra
 13963 | Lair:2   | Noticed a five-headed hydra
 13972 | Lair:2   | Killed a five-headed hydra
 13973 | Lair:2   | Reached skill level 10 in Conjurations
 13973 | Lair:2   | Reached XP level 12. HP: 62/71 MP: 4/24
 14347 | Lair:2   | Reached skill level 5 in Armour
 14795 | Lair:2   | Found a staircase to the Swamp.
 15209 | Lair:2   | Killed a four-headed hydra
 15902 | Lair:3   | Found a staircase to the Snake Pit.
 16001 | Lair:3   | Found a stormy altar of Qazlal.
 16697 | Lair:3   | Identified the +4 chain mail of the Butterfly {rElec Str+3}
 16705 | Lair:3   | HP: 7/72 [acid (19)]
 17094 | Lair:4   | Noticed a six-headed hydra
 17169 | Lair:4   | Noticed a death yak
 17170 | Lair:4   | Noticed a death yak
 17170 | Lair:4   | Noticed a death yak
 17400 | Lair:4   | Noticed a death yak
 17428 | Lair:4   | Killed a death yak
 17479 | Lair:4   | Killed a death yak
 17804 | Lair:4   | Killed a six-headed hydra
 17930 | Lair:4   | Reached XP level 13. HP: 76/76 MP: 17/26
 18575 | Lair:4   | Reached skill level 1 in Shields
 19236 | Lair:5   | Found a dark tunnel.
 19343 | Volcano  | Entered a volcano
 20156 | Volcano  | Identified the +9 rapier "Kiz Ocia" {flame, rPois}
 20530 | Lair:5   | Noticed Snorg
 20588 | Lair:5   | Killed Snorg
 21364 | Lair:5   | You are sucked into a shaft and drop 1 floor!
 21364 | Lair:6   | Entered Level 6 of the Lair of Beasts
 21438 | Lair:6   | HP: 5/78 [death yak (6)]
 21752 | Lair:5   | Reached XP level 14. HP: 84/84 MP: 8/27
 22784 | Lair:5   | Reached skill level 10 in Stealth
 24456 | Lair:6   | Reached skill level 10 in Dodging
 24850 | Lair:6   | Learned a level 5 spell: Freezing Cloud
 25173 | Lair:6   | Identified the +11 hand axe "Ytag" {flame, Fragile Str+2
                  | Stlth+}
 25470 | Lair:6   | Found a staircase to the Slime Pits.
 25777 | Lair:6   | Found a staircase to the Slime Pits.
 26414 | D:9      | Found a radiant altar of Vehumet.
 26417 | D:9      | Became a worshipper of Vehumet
 26419 | D:9      | Got Vehumet's Volume of Battle Magic
 26421 | D:9      | Found an ancient bone altar of Kikubaaqudgha.
 26422 | D:9      | Found a shimmering blue altar of Sif Muna.
 27201 | D:10     | Entered Level 10 of the Dungeon
 27334 | D:10     | Noticed Maggie
 27338 | D:10     | Killed Maggie
 27423 | D:10     | Found a basalt altar of Yredelemnul.
 27454 | D:10     | Reached * piety under Vehumet
 27454 | D:10     | Offered knowledge of Freeze by Vehumet.
 27455 | D:10     | Reached skill level 1 in Ice Magic
 27455 | D:10     | Reached XP level 15. HP: 82/90 MP: 7/29
 27813 | D:10     | Found a sacrificial altar of Ru.
 28074 | D:10     | Found a glowing golden altar of the Shining One.
 28124 | D:10     | Found an iron altar of Okawaru.
 28206 | D:10     | Identified the +1 hand axe of Destiny {elec, SInv}
 28221 | D:11     | Found Hepasi Xajapt's Weapon Boutique.
 28379 | D:11     | Found a frozen archway.
 28387 | IceCv    | Entered an ice cave
 28881 | IceCv    | Offered knowledge of Foxfire by Vehumet.
 28887 | IceCv    | Reached ** piety under Vehumet
 29150 | IceCv    | Reached skill level 1 in Fire Magic
 29869 | D:11     | Found a huge runed translucent gate.
 29870 | D:11     | Found a huge runed translucent gate.
 29870 | D:11     | Found a huge runed translucent gate.
 29870 | D:11     | Found a huge runed translucent gate.
 29888 | D:11     | Offered knowledge of Searing Ray by Vehumet.
 30060 | D:11     | Found a staircase to the Orcish Mines.
 30061 | D:11     | Found Gixipso's Armour Boutique.
 30129 | D:11     | Bought the +2 leather armour "Tyropiala" {rElec Int+3 Dex-4
                  | Stlth+} for 347 gold pieces
 30782 | D:4      | Found a broken altar of Ashenzari.
 30844 | D:4      | Found Yxomm's CLEARANCE SALE! EVERYTHING MUST GO!.
 31485 | D:4      | Found Yxomm's CLEARANCE SALE! EVERYTHING MUST GO!.
 31594 | D:4      | Found a broken altar of Ashenzari.
 32200 | Orc:1    | Entered Level 1 of the Orcish Mines
 32210 | Orc:1    | Reached skill level 10 in Polearms
 32314 | Orc:2    | Entered Level 2 of the Orcish Mines
 32323 | Orc:2    | Reached *** piety under Vehumet
 32492 | Orc:2    | Found a staircase to the Elven Halls.
 32589 | Orc:2    | Noticed an orc warlord
 32925 | Orc:1    | Killed an orc warlord
 33028 | Orc:1    | Offered knowledge of Inner Flame by Vehumet.
 33968 | Orc:1    | Reached **** piety under Vehumet
 34234 | Orc:2    | Offered knowledge of Lightning Bolt by Vehumet.
 34311 | Orc:2    | Found Kuxzuph's Book Shoppe.
 34338 | Orc:2    | Reached skill level 10 in Spellcasting
 34355 | Orc:2    | Reached skill level 5 in Fire Magic
 34469 | Orc:2    | Found Gipt's Magic Scroll Boutique.
 34479 | Orc:2    | Learned a level 5 spell: Lightning Bolt
 34505 | Orc:2    | Found Soafrut's Jewellery Emporium.
 34506 | Orc:2    | Found Appub's Magic Scroll Shoppe.
 34508 | Orc:2    | Bought a scroll of blinking for 127 gold pieces
 34508 | Orc:2    | Bought a scroll of teleportation for 51 gold pieces
 34514 | Orc:2    | Bought a scroll of fear for 49 gold pieces
 34514 | Orc:2    | Bought a scroll of acquirement for 728 gold pieces
 34514 | Orc:2    | Bought a scroll of fear for 49 gold pieces
 35046 | Snake:1  | Entered Level 1 of the Snake Pit
 35177 | Snake:1  | Reached ***** piety under Vehumet
 35338 | Snake:1  | Noticed a nagaraja
 35342 | Snake:1  | Noticed a nagaraja
 35352 | Snake:1  | Killed a nagaraja
 35352 | Snake:1  | Offered knowledge of Sticky Flame by Vehumet.
 35353 | Snake:1  | Reached XP level 16. HP: 48/97 MP: 5/31
 35687 | Snake:1  | Killed a nagaraja
 35688 | Snake:1  | Reached skill level 10 in Fighting
 36648 | Snake:1  | Identified the +5 plate armour "Dadwainno" {Harm Fly rF+
                  | Dex-3}
 36923 | Snake:1  | Learned a level 4 spell: Sticky Flame
 37288 | Snake:2  | You are sucked into a shaft and drop 1 floor!
 37620 | Snake:3  | Acquired 457 gold pieces
 37621 | Snake:3  | Acquired 684 gold pieces
 37622 | Snake:3  | Acquired a +2 hat of intelligence
 37623 | Snake:3  | Acquired 853 gold pieces
 37749 | Snake:2  | Noticed a nagaraja
 37756 | Snake:2  | Killed a nagaraja
 39539 | Snake:3  | Found Maduv's Antique Weapon Shoppe.
 39609 | Snake:3  | Found Yhigiag's Antique Weapon Boutique.
 39733 | Snake:3  | Found Yhyol's General Store.
 39733 | Snake:3  | Found Zineqat's Antique Armour Shop.
 39736 | Snake:3  | Found Tywuor's Assorted Antiques.
 39741 | Snake:3  | Bought the ring of Generosity {rF+ rC+ Str+6 Int+4 SInv}
                  | for 1657 gold pieces
 39741 | Snake:3  | Bought a potion of curing for 54 gold pieces
 39741 | Snake:3  | Bought a scroll of fog for 36 gold pieces
 39747 | Snake:3  | Bought a scroll of teleportation for 126 gold pieces
 39806 | Snake:3  | Noticed Azrael
 39817 | Snake:3  | Killed Azrael
 40216 | Snake:3  | Noticed Aizul
 40230 | Snake:3  | Killed Aizul
 40606 | Snake:3  | Identified the +6 falchion of Noadiur {flame, rCorr Dex+2}
 40833 | Snake:3  | Found Zybior's Gadget Gallery.
 41239 | Swamp:1  | Entered Level 1 of the Swamp
 41604 | Swamp:1  | Reached XP level 17. HP: 103/103 MP: 17/32
 42032 | Swamp:1  | Acquired 552 gold pieces
 42608 | Swamp:1  | Found a large runed translucent door.
 42608 | Swamp:1  | Found a large runed translucent door.
 42611 | Swamp:1  | Noticed pleonasm's ghost (adept OgBe)
 42817 | Swamp:2  | Found the +13 scythe of Curses {drain, Drain}
 43707 | Swamp:2  | Offered knowledge of Orb of Destruction by Vehumet.
 43764 | Swamp:1  | Learned a level 7 spell: Orb of Destruction
 44371 | Swamp:2  | Reached skill level 15 in Air Magic
 45939 | Swamp:3  | Offered knowledge of Conjure Ball Lightning by Vehumet.
 45969 | Swamp:3  | Learned a level 6 spell: Conjure Ball Lightning
 46034 | Swamp:3  | Reached skill level 15 in Conjurations
 47107 | D:12     | Noticed Sonja
 47119 | D:12     | Killed Sonja
 48010 | D:12     | Reached XP level 18. HP: 110/110 MP: 13/34
 49350 | D:13     | Found a gate to the Vaults.
 49908 | D:14     | Found a gate leading to a gauntlet.
 49918 | Gauntlet | Entered a Gauntlet
 49918 | Gauntlet | Found a transporter.
 49928 | Gauntlet | Found a transporter.
 49941 | Gauntlet | Found a transporter.
 49942 | Gauntlet | Found a transporter.
 49949 | Gauntlet | Found a transporter.
 49970 | Gauntlet | Found a runed translucent gate.
 49971 | Gauntlet | Found a transporter.
 49971 | Gauntlet | Found a runed translucent gate.
 49972 | Gauntlet | Found a runed translucent gate.
 49982 | Gauntlet | Found a transporter.
 49993 | Gauntlet | Found a transporter.
 50012 | Gauntlet | Found a transporter.
 50026 | Gauntlet | Found a transporter.
 50035 | Gauntlet | Found a transporter.
 50075 | Gauntlet | Found a transporter.
 50089 | Gauntlet | Found a transporter.
 50192 | Gauntlet | Identified the +2 pair of boots of Anatem Unyb {rPois rN++
                  | Str+4 Slay-4}
 50211 | Gauntlet | Found a transporter.
 50220 | Gauntlet | Identified the +1 helmet "Teezxeom" {Fly rF- rC+ SInv}
 50246 | Gauntlet | Identified the ring of Jixisex {Will+ Int-2 Dex+6}
 50352 | Gauntlet | Identified the +8 trident "Dogelew" {vorpal, Str+4}
 51243 | D:14     | Offered knowledge of Spellforged Servitor by Vehumet.
 51266 | D:14     | Learned a level 7 spell: Spellforged Servitor
 51544 | D:15     | Entered Level 15 of the Dungeon
 52922 | D:15     | Found a staircase to the Depths.
 53657 | Snake:4  | Entered Level 4 of the Snake Pit
 53662 | Snake:4  | HP: 11/110 [poisoned by a naga (splash of poison)]
 53664 | Snake:4  | Slain by a black mamba

Illustrated notes

Levels and vault maps discovered:
D:1:      roderic_chinese_lattice_arrival, layout_loops_ring, serial_shops,
          shop_coins
D:2:      layout_rooms, kennysheep_generic_room_11
D:3:      layout_loops_ring, nicolae_dithmenos_the_darkroom,
          amcnicky_altar_gilded, serial_shops, shop,
          minmay_fractal_squares_gapless_5
D:4:      layout_loops_cross, nicolae_ashenzari_panopticon,
          cheibrodos_sewer_entry_drain, nicolae_shop_clearance,
          uniq_blork_the_orc
D:5:      layout_basic, trog_three_pillars_becter
D:6:      layout_loops_ring, minmay_temple_entry_from_below_a,
          chequers_ossuary_entry_cave, minmay_mini_ossuary, uniq_menkaure
D:7:      layout_cave_pools, lemuel_tele_altar, lemuel_round_altar, uniq_joseph
D:8:      cheibrodos_fertilizer, layout_loops_cross, erik_lair_island,
          serial_undead, serial_undead_e, serial_undead_d, serial_undead_a,
          serial_undead_d
D:9:      layout_irregular_city, grunt_temple_overflow_magic_moments
D:10:     layout_small_grid, yredelemnul_altar_generic, tso_oasis_becter,
          mainiacjoe_overflow_alcove_2, nicolae_ru_awakened_eye, uniq_maggie
D:11:     lemuel_bear_cage, layout_irregular_city, orc_david_3,
          portal_ice_cave_entry_pillars_2
D:12:     layout_stronghold, minmay_statue_bubble, uniq_sonja
D:13:     layout_stronghold, david_vaults_1
D:14:     layout_loops_corners, gauntlet_entry_generic
D:15:     hangedman_depths_entry_try_elsewhere_first, layout_small_grid,
          minmay_misc_feat_five, hex_large
Temple:   compressed_dpeg_triangle_lava_temple
Lair:1:   layout_chaotic_city
Lair:2:   layout_loops_ring, minmay_swamp_entry_eels,
          infiniplex_staircase_pool_2, serial_bayou_shore_b
Lair:3:   layout_gridlike, guppyfry_snake_entry_garden, lemuel_oklob_altar
Lair:4:   layout_roguey
Lair:5:   nzn_winding_woodlands_small [nzn_winding_woodlands_5x15_lazy_stream,
          nzn_winding_woodlands_center_triple_pond,
          nzn_winding_woodlands_5x15_jagged], layout_regular_city,
          nicolae_volcano_entry_vermiform, uniq_snorg
Lair:6:   minmay_lair_end_frog_pond, layout_misc_corridors,
          minmay_slime_entry_jelly_boxes, minmay_lair_oklob_chamber,
          lemuel_fruit_fields
Swamp:1:  layout_basic_swamp, ebering_ghost_disaster_area,
          evilmike_swamp_ruin_house_2, swamp_pool4
Swamp:2:  cheibrodos_swamp_heart_of_darkness, layout_falls_marsh,
          nicolae_swamp_fairy_circle
Swamp:3:  layout_basic_swamp, hangedman_swamp_lotus
Snake:1:  nicolae_snake_hallway, layout_cave_shapes, grunt_ministairs_4
Snake:2:  layout_concentric_octagons
Snake:3:  layout_onion, serial_shops, nicolae_shop_statue_plus,
          nicolae_shop_gadgets, minmay_shoptagon, grunt_megastairs_3,
          lemuel_fruit_tree, uniq_aizul, uniq_azrael
Snake:4:  snake_hunt, layout_onion, grunt_megastairs_2
Orc:1:    layout_diamond_mine
Orc:2:    st_orc_open, layout_caves, basic_altar, nicolae_orc_lava_tube

Skill      XL: |  1  2  3  4  5  6  7  8  9 10 11 12 13 14 15 16 17 18 |
---------------+-------------------------------------------------------+-----
Conjurations   | 2 3 4 5 6 7 8 10 11 12 13 14 15 | 15.3
Spellcasting   | 3 4 5 6 7 8 9 10 11 | 11.4
Air Magic      | 5 6 7 8 9 10 11 12 13 14 15 | 15.7
Stealth        | 3 4 5 6 7 8 9 10 11 12 | 12.8
Fighting       | 1 3 4 5 6 7 8 9 10 11 | 11.5
Dodging        | 3 4 5 6 7 8 9 10 11 12 | 12.7
Polearms       | 2 3 5 6 7 8 9 10 11 12 | 12.2
Armour         | 2 4 6 7 |  7.0
Shields        | 3 4 |  4.0
Ice Magic      | 1 |  1.0
Fire Magic     | 5 8 9 |  9.7

Action                   |  1- 3 |  4- 6 |  7- 9 | 10-12 | 13-15 | 16-18 || total
-------------------------+-------+-------+-------+-------+-------+-------++-------
Melee: Dagger            |     1 |       |     5 |       |       |       ||     6
       Kick              |     1 |       |     6 |     4 |    23 |    24 ||    58
       Peck              |       |       |     2 |     5 |    21 |    16 ||    44
       Glaive            |       |       |    11 |    31 |   137 |   140 ||   319
       Staff             |       |       |       |       |     4 |       ||     4
 Cast: Shock             |    55 |   121 |   141 |   132 |   111 |    62 ||   622
       Static Discharge  |     1 |     2 |    14 |    19 |    20 |     1 ||    57
       Airstrike         |       |       |    37 |   181 |   435 |   267 ||   920
       Poisonous Vapours |       |       |     3 |   112 |   165 |    11 ||   291
       Swiftness         |       |       |       |     2 |       |     4 ||     6
       Freezing Cloud    |       |       |       |       |    95 |   152 ||   247
       Lightning Bolt    |       |       |       |       |       |     9 ||     9
       Sticky Flame      |       |       |       |       |       |    11 ||    11
       Orb of Destructio |       |       |       |       |       |    77 ||    77
       Conjure Ball Ligh |       |       |       |       |       |    17 ||    17
       Spellforged Servi |       |       |       |       |       |     7 ||     7
  Use: Scroll            |       |     6 |     8 |     4 |     9 |    18 ||    45
       Potion            |       |     1 |       |       |     8 |     3 ||    12
 Stab: Sleeping          |       |       |     2 |     1 |     6 |     4 ||    13
Armor: Robe              |     3 |     3 |    19 |       |     8 |       ||    33
       Steam dragon scal |       |       |     4 |    16 |     4 |       ||    24
       Ring mail         |       |       |       |       |    32 |       ||    32
       Leather armour    |       |       |       |       |    15 |    74 ||    89
Dodge: Dodged            |    15 |    26 |    64 |   114 |   291 |   234 ||   744
